 Dungeon Crawl Stone Soup version 0.32-a0-673-g3729bd50f8 (webtiles) character file.

Game seed: 9663761583262783315

6971 ezpacito the Chopper (level 11, -5/84 HPs)
             Began as a Coglin Chaos Knight on Mar 11, 2024.
             Was a Plaything of Xom.
             Slain by a yak (6 damage)
             ... on level 9 of the Dungeon.
             The game lasted 00:12:04 (7493 turns).

ezpacito the Chopper (Coglin Chaos Knight)          Turns: 7493, Time: 00:12:04

Health: -5/84      AC: 12    Str: 15    XL:     11   Next: 8%
Magic:  16/16      EV: 14    Int: 18    God:    Xom [.*....]
Gold:   43         SH:  0    Dex: 14    Spells: 5/17 levels left

rFire   + . .        F - +9 broad axe of Harmony {flame, Int+3}
rCold   + + .        r - +7 trident "Rabaom" {chaos, *Rage rElec rC+ rN+}
rNeg    + . .        J - +3 steam dragon scales
rPois   +            (helmet restricted)
rElec   +            (no cloak)
rCorr   +            (no gloves)
SInv    .            M - +0 pair of boots
Will    .....        (amulet unavailable)
Stlth   +++          (ring unavailable)
HPRegen 0.34/turn    (ring unavailable)
MPRegen 0.15/turn    (no gizmo)

%: random rage (20%)
@: lethally poisoned (-5 -> -13), about to teleport, resistant, on berserk
cooldown, slowed, revving, very slow
A: off-hand wielding, slow wielding, warmup strikes, no jewellery, antennae 1,
iridescent scales 2, clever 1, deformed body, mutation resistance 1
a: Invent Gizmo, Renounce Religion


You were on level 9 of the Dungeon.
You worshipped Xom.
You were a plaything of Xom.
You visited 2 branches of the dungeon, and saw 10 of its levels.

You collected 445 gold pieces.
You spent 402 gold pieces at shops.

Inventory:

Hand Weapons
 a - a +0 hand axe of chaos {Cyneburga}
 d - a +6 mace of holy wrath
 i - a +3 scimitar of flaming
 r - the +7 trident "Rabaom" (offhand) {chaos, *Rage rElec rC+ rN+}
   (Xom gifted it to you on level 3 of the Dungeon)

   rC+:       It protects you from cold.
   rElec:     It insulates you from electricity.
   rN+:       It protects you from negative energy.
   *Rage:     It berserks you when you make melee attacks (+20% chance).
 w - a +0 war axe
 F - the +9 broad axe of Harmony (weapon) {flame, Int+3}
   (You bought it in a shop on level 7 of the Dungeon)

   Int+3:     It affects your intelligence (+3).
Missiles
 m - 3 silver javelins (quivered)
 s - 3 throwing nets
 y - 15 boomerangs
 A - 3 curare-tipped darts
 B - 32 poisoned darts
 Q - 3 atropa-tipped darts
 R - 4 javelins
Armour
 I - a +0 plate armour
 J - +3 steam dragon scales (worn)
 M - a +0 pair of boots (worn)
Magical Staves
 e - a staff of conjuration
 o - a staff of alchemy
Wands
 k - a wand of polymorph (15)
 D - a wand of digging (4)
 H - a wand of roots (22)
 P - a wand of paralysis (1)
Scrolls
 b - 4 scrolls of amnesia {unknown}
 g - 3 scrolls of vulnerability {unknown}
 p - 3 scrolls of fear {unknown}
 t - 6 scrolls of teleportation
 u - a scroll of blinking {unknown}
 v - a scroll of enchant weapon {unknown}
 x - a scroll of poison {unknown}
 G - a scroll of brand weapon {unknown}
 N - 2 scrolls of fog {unknown}
Potions
 h - 3 potions of mutation
 j - a potion of magic
 q - a potion of curing
 z - 3 potions of enlightenment
 C - 2 potions of brilliance
 K - a potion of berserk rage
 L - a potion of lignification
Miscellaneous
 O - a phantom mirror


   Skills:
 * Level 7.0 Fighting
 * Level 7.1(7.7) Axes
 + Level 4.1(5.8) Polearms
 * Level 6.1 Armour
 * Level 5.7 Dodging
 + Level 4.1 Stealth
 + Level 3.5 Spellcasting
 + Level 3.5 Summonings
 + Level 4.0 Alchemy
 + Level 5.6 Evocations


You had 5 spell levels left.
You knew the following spells:

 Your Spells              Type           Power      Damage    Failure   Level
a - Summon Mana Viper     Hex/Summ       9%         N/A       90%         5
b - Olgreb's Toxic Radia  Alch           17%        N/A       28%         4
c - Summon Ice Beast      Ice/Summ       9%         N/A       22%         3

Your spell library contained the following spells:

 Spells                   Type           Power      Damage    Failure   Level
 Summon Small Mammal      Summ           64%        N/A       3%          1
 Sting                    Conj/Alch      40%        1d5       7%          1
 Apportation              Tloc           6%         N/A       16%         1
 Freeze                   Ice            12%        1d3       16%         1
 Necrotise                Necr           12%        1d4       16%         1
 Blink                    Tloc           6%         N/A       24%         2
 Lesser Beckoning         Tloc           6%         N/A       24%         2
 Momentum Strike          Conj/Tloc      6%         3d8       24%         2
 Frozen Ramparts          Ice            6%         1d1       43%         3
 Gell's Gravitas          Tloc           3%         N/A       43%         3
 Hailstorm                Conj/Ice       3%         3d5       43%         3
 Inner Flame              Hex/Fire       3%         N/A       43%         3
 Teleport Other           Tloc           3%         N/A       43%         3
 Sticky Flame             Fire/Alch      10%        2d5       56%         4
 Flame Wave               Conj/Fire      3%         2d5       83%         4
 Monstrous Menagerie      Summ           8%         N/A       100%        7
 Ozocubu's Refrigeration  Ice            1%         4d7       100%        7
 Discord                  Hex            1%         N/A       100%        8


Dungeon Overview and Level Annotations

Branches:
Dungeon (9/15)             Temple (1/1) D:4            Lair (0/5) D:8
    Orc: D:9-12

Altars:
Ashenzari
Cheibriados
Dithmenos
Elyvilon
Fedhas
Gozag
Hepliaklqana
Kikubaaqudgha
Makhleb
Nemelex Xobeh
Qazlal
Ru
Sif Muna
Trog
Uskayaw
Vehumet
Wu Jian
Xom
Yredelemnul

Shops:
D:2 !   D:7 ((   D:8 !


Innate Abilities, Weirdness & Mutations

You can wield a second weapon in your off-hand.
It takes a long time for you to wield or remove held weapons.
Your first few attacks do less damage.
You cannot equip rings or amulets.
You have a pair of small antennae on your head.
You are mostly covered in iridescent scales. (AC +4)
Your mind is acute. (Int +4, Str/Dex -1)
Armour fits poorly on your strangely shaped body.
You are somewhat resistant to further mutation.


Message History

A kobold comes into view. It is wielding a +0 trident.
The yak closely misses you.
The kobold hits you with a +2 dagger of venom.
You are poisoned.
The yak gores you! The yak gores you but does no damage.
Something hits you but does no damage.
A kobold comes into view. It is wielding a +0 club.
A kobold comes into view. It is wielding a +4 dagger.
The yak barely misses you. The yak gores you.
The kobold hits you but does no damage.
You are more poisoned.
Something hits you but does no damage.
You regained 7 hp, and now have 39/84 hp.
You feel protected.
You feel extremely sick. The yak gores you.
You hear some strange, mumbled words.
A puff of flame appears from out of thin air!
The puff of flame hits you. You resist.
* * * LOW HITPOINT WARNING * * *
The yak gores you.
* * * LOW HITPOINT WARNING * * *
The yak gores you but does no damage. Something hits you but does no damage.
You take 21 damage, and have 18/84 hp.
MASSIVE DAMAGE!!
As you read the scroll of teleportation, it crumbles to dust.
You feel strangely unstable.
You feel very sick.
The kobold shouts!
The yak barely misses you. Something hits you but does no damage.
A kobold comes into view. It is wielding a +0 dagger.
The yak gores you!
* * * LOW HITPOINT WARNING * * *
You hear some strange, mumbled words.
A magic dart appears from out of thin air!
The magic dart hits you but does no damage.
The kobold barely misses you. The yak gores you.
* * * LOW HITPOINT WARNING * * *
The yak gores you.
You die...
Xom cackles wildly!

..............#
...K..........#
..............#
.....K..KK....#
..............#
......†.......#
..............#
........YYK...#
..>....KY@K...#
........{{....#
..............#
...........)).#
############..#
#..# #..# #..#
#..#


You could see 3 yaks, a kobold brigand and 6 kobolds.

Vanquished Creatures
  Erica (D:9)
  Joseph (D:8)
  Maggie (D:7)
  A kobold demonologist (D:8)
  A troll (D:8)
  6 yaks
  3 wyverns (D:8)
  Edmund (D:4)
  3 water moccasins (D:8)
  Duvessa (D:7)
  2 ice beasts
  5 orc warriors
  An ogre (D:5)
  2 centaurs
  9 kobold brigands
  A phantom (D:5)
  2 bullfrogs
  A brain worm (D:6)
  2 scorpions
  Blork the orc (D:6)
  4 wights (D:9)
  Dowan (D:7)
  5 killer bees
  3 howler monkeys
  2 hounds
  5 orc priests
  2 gnoll boudas
  2 jellies
  3 sleepcaps
  Terence (D:3)
  4 iguanas
  2 orc wizards
  11 gnolls
  8 adders
  A white imp (D:7)
  2 ufetubi (D:6)
  A ribbon worm (D:4)
  25 orcs
  9 bats
  4 endoplasms
  4 giant cockroaches
  4 goblins
  7 hobgoblins
  9 jackals
  3 quokkas
  3 ball pythons
  5 frilled lizards
  15 kobolds
  8 rats
198 creatures vanquished.

Vanquished Creatures (others)
  An adder (D:9)
1 creature vanquished.

Grand Total: 199 creatures vanquished

Notes
Turn   | Place    | Note
-------+----------+-------------------------------------------
     0 | D:1      | ezpacito the Coglin Chaos Knight began the quest for the
                  | Orb.
     0 | D:1      | Reached XP level 1. HP: 18/18 MP: 1/1
    22 | D:1      | XOM: divination: detect items
    63 | D:1      | Reached skill level 1 in Dodging
    76 | D:1      | Reached XP level 2. HP: 24/24 MP: 2/2
   183 | D:1      | XOM: scenery: 1 doors open
   655 | D:2      | XOM: smoke on damage
   660 | D:2      | Reached XP level 3. HP: 18/29 MP: 3/3
   751 | D:2      | Found Watuy's Distillery.
   757 | D:2      | Bought a potion of curing for 30 gold pieces
   779 | D:2      | XOM: scenery: create altars
   788 | D:2      | XOM: 7-stop teleportation journey
   827 | D:2      | XOM: scenery: create altars
   845 | D:2      | XOM: enchant monster (good)
   850 | D:2      | XOM: polymorph rat -> frilled lizard
  1032 | D:2      | Reached XP level 4. HP: 17/35 MP: 4/4
  1173 | D:2      | XOM: cloud trail
  1683 | D:3      | HP: 1/35 [sleepcap (26)]
  1696 | D:3      | Reached skill level 1 in Stealth
  1696 | D:3      | Reached skill level 1 in Evocations
  1783 | D:3      | XOM: scenery: summon butterflies
  1821 | D:3      | Found a broken altar of Ashenzari.
  1847 | D:3      | Found a bloodstained altar of Trog.
  1847 | D:3      | Found an ornate altar of the Wu Jian Council.
  1848 | D:3      | Found a stormy altar of Qazlal.
  1911 | D:3      | XOM: god gift: steaming trident {god gift}
  1911 | D:3      | Identified the +7 trident "Rabaom" {chaos, *Rage rElec rC+
                  | rN+} (Xom gifted it to you on level 3 of the Dungeon)
  1940 | D:3      | Reached XP level 5. HP: 41/41 MP: 5/5
  1958 | D:3      | Reached skill level 1 in Polearms
  2007 | D:3      | Noticed Terence
  2011 | D:3      | Killed Terence
  2194 | D:3      | Found a sacrificial altar of Ru.
  2323 | D:3      | XOM: god gift: encrusted ruby ring {god gift}
  2393 | D:4      | XOM: divination: detect items
  2428 | D:4      | Found a snail-covered altar of Cheibriados.
  2461 | D:4      | Found a staircase to the Ecumenical Temple.
  2470 | Temple   | Entered the Ecumenical Temple
  2660 | D:4      | Found a shimmering altar of Xom.
  2698 | D:4      | XOM: smoke on damage
  2704 | D:4      | Reached XP level 6. HP: 8/48 MP: 7/7
  2900 | D:4      | Noticed Edmund
  2900 | D:4      | XOM: scenery: 1 doors open
  2907 | D:4      | Killed Edmund
  2908 | D:4      | Reached skill level 1 in Spellcasting
  2994 | D:4      | XOM: god gift: 6 stones
  3254 | D:5      | Entered Level 5 of the Dungeon
  3439 | D:5      | Found a blossoming altar of Fedhas.
  3444 | D:5      | XOM: smoke on damage
  3456 | D:5      | Reached XP level 7. HP: 31/54 MP: 8/8
  3723 | D:5      | Learned a level 3 spell: Summon Ice Beast
  3729 | D:5      | Learned a level 5 spell: Summon Mana Viper
  3750 | D:5      | XOM: summons friendly crimson imp
  4011 | D:5      | XOM: cloud trail
  4106 | D:5      | Reached XP level 8. HP: 61/61 MP: 10/10
  4268 | D:6      | Reached skill level 1 in Alchemy
  4318 | D:6      | XOM: stat loss: -1 Dex (14/15)
  4342 | D:6      | XOM: polymorph iguana -> brain worm
  4370 | D:6      | Reached skill level 1 in Summonings
  4390 | D:6      | XOM: noise
  4394 | D:6      | Reached skill level 5 in Axes
  4742 | D:6      | Found a radiant altar of Vehumet.
  4893 | D:6      | XOM: divination: detect items
  4907 | D:6      | Noticed Blork the orc
  4917 | D:6      | Killed Blork the orc
  4931 | D:6      | Found a shimmering blue altar of Sif Muna.
  4996 | D:7      | Found Ragoaz's Antique Weapon Emporium.
  5000 | D:7      | Bought a dazzling broad axe for 162 gold pieces
  5000 | D:7      | Identified the +9 broad axe of Harmony {flame, Int+3} (You
                  | bought it in a shop on level 7 of the Dungeon)
  5037 | D:7      | XOM: summons friendly crimson imp
  5083 | D:7      | Found Ugoal's Antique Weapon Shoppe.
  5090 | D:7      | Reached skill level 5 in Fighting
  5222 | D:7      | Reached XP level 9. HP: 59/68 MP: 12/12
  5371 | D:7      | Noticed Maggie
  5387 | D:7      | Killed Maggie
  5419 | D:7      | XOM: give mutations
  5419 | D:7      | Gained mutation: You are partially covered in iridescent
                  | scales. (AC +2) [Xom's grace]
  5419 | D:7      | Gained mutation: Your mind is acute. (Int +4, Str/Dex -1)
                  | [Xom's grace]
  5419 | D:7      | Gained mutation: You are mostly covered in iridescent
                  | scales. (AC +4) [Xom's grace]
  5425 | D:7      | Learned a level 4 spell: Olgreb's Toxic Radiance
  5432 | D:7      | Noticed Dowan
  5432 | D:7      | Noticed Duvessa
  5436 | D:7      | Killed Duvessa
  5440 | D:7      | XOM: swap monsters
  5445 | D:7      | Killed Dowan
  5526 | D:7      | XOM: 2-stop teleportation journey
  5544 | D:7      | XOM: give mutations
  5544 | D:7      | Gained mutation: You are somewhat resistant to further
                  | mutation. [Xom's mischief]
  5544 | D:7      | Gained mutation: Armour fits poorly on your strangely
                  | shaped body. [Xom's mischief]
  5544 | D:7      | Gained mutation: You have a pair of small antennae on your
                  | head. [Xom's mischief]
  5807 | D:8      | Noticed a troll
  5813 | D:8      | Killed a troll
  5855 | D:8      | Reached skill level 5 in Armour
  5901 | D:8      | Found a basalt altar of Yredelemnul.
  5950 | D:8      | Reached XP level 10. HP: 76/76 MP: 14/14
  5953 | D:8      | Reached skill level 5 in Dodging
  5957 | D:8      | Found a staircase to the Lair.
  6031 | D:8      | XOM: silly message
  6135 | D:8      | Found Nagaiw's Distillery.
  6151 | D:8      | Noticed Joseph
  6187 | D:8      | Killed Joseph
  6188 | D:8      | Reached skill level 5 in Evocations
  6279 | D:8      | XOM: silly message
  6333 | D:8      | XOM: silly message
  6512 | D:8      | Bought a potion of degeneration for 15 gold pieces
  6512 | D:8      | Bought a potion of heal wounds for 75 gold pieces
  6512 | D:8      | Bought a potion of mutation for 120 gold pieces
  6649 | D:8      | Noticed a kobold demonologist
  6654 | D:8      | Killed a kobold demonologist
  6663 | D:8      | XOM: potion effect (curing)
  6721 | D:9      | Noticed Erica
  6728 | D:9      | Killed Erica
  6980 | D:9      | Found a faded altar of an unknown god.
  6985 | D:9      | Found a hazy altar of Hepliaklqana.
  7144 | D:9      | XOM: chaos upgrade
  7147 | D:9      | Reached XP level 11. HP: 83/83 MP: 16/16
  7149 | D:9      | XOM: swap monsters
  7167 | D:9      | Noticed a green ugly thing
  7171 | D:9      | Noticed a two-headed ogre
  7177 | D:9      | Noticed a two-headed ogre
  7179 | D:9      | XOM: polymorph killer bee -> adder
  7493 | D:9      | HP: 1/84 [yak (6)]
  7493 | D:9      | Slain by a yak

Illustrated notes

Levels and vault maps discovered:
D:1:      dreamdust_arrival_beginning_and_end, layout_basic, minmay_misc_feat_x,
          st_stairs_10, minmay_misc_feat_columns, palyth_stone_intersect
D:2:      layout_rooms, serial_shops, shop, minmay_pentomino_p2
D:3:      layout_loops_corners, nicolae_ru_the_path_less_chosen,
          chequers_temple_overflow_statue_of_worship,
          ashenzari_conservatory_becter, grunt_decor_fettered, uniq_terence
D:4:      layout_gridville, mainiacjoe_overflow_alcove_1, xom_teletrap_fun,
          minmay_temple_entry_mini_moons, uniq_edmund
D:5:      layout_basic, mainiacjoe_overflow_six_doors_small
D:6:      layout_loops_ring, fiery_altar_vehumet, tgw_sif
D:7:      layout_cave_pools, serial_shops, nicolae_shop_hallway_stairs, shop,
          uniq_duvessa, uniq_maggie
D:8:      layout_cave_pools, lemuel_round_altar, minmay_lair_entry_grove,
          serial_shops, nicolae_inconvenience_store, special_room
          [special_room_kobold], corner_web_ring, uniq_joseph
D:9:      minmay_bloctagon, layout_long_grid, zin_academy, tso_oasis_becter,
          beargit_hepliaklqana_dungeon_heroes, uniq_erica
Temple:   hellmonk_temple_beads

Skill      XL: |  1  2  3  4  5  6  7  8  9 10 11 |
---------------+----------------------------------+-----
Dodging        | 1 2 3 4 5 |  5.7
Armour         | 2 3 4 5 6 |  6.1
Stealth        | 1 2 3 4 |  4.1
Evocations     | 1 2 3 4 5 |  5.6
Polearms       | 1 2 3 4 |  4.1
Axes           | 4 5 6 7 |  7.1
Spellcasting   | 1 2 3 |  3.5
Fighting       | 4 5 6 7 |  7.0
Alchemy        | 1 3 4 |  4.0
Summonings     | 1 2 3 |  3.5

Action                     |  1- 3 |  4- 6 |  7- 9 | 10-12 || total
---------------------------+-------+-------+-------+-------++-------
  Melee: Hand axe          |    67 |    77 |    27 |       ||   171
         Dagger            |    17 |       |       |       ||    17
         Spear             |    48 |    51 |       |       ||    99
         Trident           |       |    52 |   117 |    64 ||   233
         Broad axe         |       |       |    40 |    50 ||    90
         Unarmed           |       |       |       |    29 ||    29
    Use: Scroll            |       |     6 |     3 |     7 ||    16
         Potion            |       |     1 |       |     9 ||    10
   Stab: Sleeping          |     1 |       |     4 |     1 ||     6
         Paralysed         |     2 |       |     1 |     2 ||     5
         Confused          |     1 |       |     3 |     2 ||     6
 Armour: Leather armour    |    10 |       |       |       ||    10
         Chain mail        |    33 |    84 |    52 |       ||   169
         Steam dragon scal |       |       |    12 |    90 ||   102
         Skin              |       |       |       |    11 ||    11
  Dodge: Dodged            |    30 |    30 |    41 |    74 ||   175

Table legend: (Time is in decaauts)
 A = Elapsed time spent in this place.
 B = Non-inter-level travel time spent in this place.
 C = Inter-level travel time spent in this place.
 D = Time resting spent in this place.
 E = Time spent auto-exploring this place.
 F = Levels seen in this place.
 G = Mean time per level.
                   A        B        C        D        E       F      G
               +--------+--------+--------+--------+--------+-----+--------+
         Total |   7836 |   7421 |    415 |    578 |   5423 |  10 |  783.6 |
       Dungeon |   7834 |   7420 |    414 |    578 |   5423 |   9 |  870.4 |
        Temple |      1 |      1 |      0 |      0 |      0 |   1 |    1.0 |
               +--------+--------+--------+--------+--------+-----+--------+

Top non-repeatable levels by time:
     D:8: 1300 daAuts
     D:3: 1110 daAuts
     D:4: 1001 daAuts
     D:5: 949 daAuts
     D:6: 812 daAuts
     D:7: 795 daAuts
     D:2: 683 daAuts
     D:1: 622 daAuts
     D:9: 559 daAuts
  Temple: 1 daAuts
